 Dungeon Crawl Stone Soup version 0.29.1-2-gbd0b4ee654 (webtiles) character file.

Game seed: 9462481720210232890

52512 KittyFluff the Stickfighter (level 14, -4/132 HPs)
             Began as a Gargoyle Berserker on Oct 27, 2022.
             Was a High Priest of Trog.
             Slain by a hog (14 damage)
             ... led by Kirke
             ... on level 3 of the Lair of Beasts.
             The game lasted 02:39:58 (27427 turns).

KittyFluff the Stickfighter (Gargoyle Berserker)   Turns: 27427, Time: 02:39:59

Health: -4/132     AC:  0    Str: 22    XL:     14   Next: 64%
Magic:  14/14      EV: 17    Int:  8    God:    Trog [*****.]
Gold:   991        SH:  5    Dex: 13    Spells: 13/13 levels left

rFire   . . .      SeeInvis .   (weapon currently unavailable)
rCold   . . .      Faith    .   (shield currently unavailable)
rNeg    + . .      Spirit   .   (body armour currently unavailable)
rPois   ∞          Reflect  +   (helmet currently unavailable)
rElec   .          Harm     .   (cloak currently unavailable)
rCorr   .          Rampage  .   (gloves currently unavailable)
Will    +....                   (boots currently unavailable)
Stlth   ..........              q - amulet of reflection
HPRegen 0.32/turn               (ring currently unavailable)
MPRegen 0.14/turn               (ring currently unavailable)

@: berserking (expiring), pig-form, very quick
A: fast, no casting, sickness immunity, AC +10, small, (big wings), negative
energy resistance 1, (electricity resistance), torment resistance 1,
petrification resistance
a: Renounce Religion, Berserk, Trog's Hand, Brothers in Arms


You were on level 3 of the Lair of Beasts.
You worshipped Trog.
Trog was extremely pleased with you.
You were a filthy swine.
You visited 2 branches of the dungeon, and saw 16 of its levels.
You also visited: Sewer and Bailey.

You collected 1039 gold pieces.
You spent 48 gold pieces at shops.

Inventory:

Hand Weapons
 m - a +0 sling
 n - the +12 dagger of Nusmal {freeze, Will+}
   (You found it on level 2 of the Dungeon)

   It freezes those it strikes, dealing additional cold damage.
   It can also slow down cold-blooded creatures.
   Will:      It increases your willpower.
 t - a +4 quarterstaff of flaming
 E - a +2 quarterstaff of chaos
 J - a +3 lajatang (melded)
 P - a +0 arbalest
Missiles
 i - 6 atropa-tipped darts (quivered)
 u - 49 poisoned darts
 v - 4 curare-tipped darts
 C - 2 throwing nets
Armour
 a - a +1 hat of intelligence (melded)
 l - a +2 robe of willpower
 y - a +0 helmet
 F - a +0 cloak (melded)
 H - a +0 pair of gloves (melded)
 M - a +2 troll leather armour (melded)
 T - +0 steam dragon scales
Jewellery
 q - an amulet of reflection (around neck)
 s - a +6 ring of strength (melded)
 A - a ring of see invisible
 N - a ring of protection from fire
 U - a ring of willpower
 X - a +6 ring of dexterity (melded)
Wands
 b - a wand of acid (8)
 r - a wand of mindburst (34)
 L - a wand of flame (80)
 Q - a wand of iceblast (14)
 R - a wand of paralysis (13)
Scrolls
 d - 4 scrolls of immolation {unknown}
 e - 5 scrolls of fear {unknown}
 g - 4 scrolls of teleportation
 h - 4 scrolls of vulnerability {unknown}
 w - 6 scrolls of butterflies {unknown}
 x - 2 scrolls of acquirement {unknown}
 B - 3 scrolls of amnesia {unknown}
 I - a scroll of silence {unknown}
 K - 4 scrolls of poison
 O - a scroll of torment {unknown}
 S - 2 scrolls of magic mapping
 V - 3 scrolls of noise {unknown}
 W - 2 scrolls of enchant armour {unknown}
 Z - a scroll of summoning {unknown}
Potions
 c - 8 potions of curing
 f - a potion of resistance
 j - 3 potions of might
 k - 4 potions of haste
 o - 5 potions of mutation
 p - 4 potions of attraction
 z - 2 potions of brilliance {unknown}
 D - 7 potions of heal wounds
 G - 4 potions of ambrosia
Miscellaneous
 Y - a phial of floods


   Skills:
 + Level 10.4 Fighting
 + Level 5.5(11.4) Maces & Flails
 + Level 15.4(15.8) Staves
 + Level 9.3 Throwing
 * Level 8.7 Armour
 + Level 7.5 Dodging
 + Level 5.5 Stealth
 + Level 5.8 Shields
 * Level 4.1 Evocations


You had 13 spell levels left.
You didn't know any spells.
Your spell library was empty.

Dungeon Overview and Level Annotations

Branches:
Dungeon (11/15)            Temple (0/1) D:5            Lair (5/5) D:11
 Shoals (0/4) Lair:2        Snake (0/4) Lair:2        Slime (0/5) Lair:5
  Sewer (visited)          Bailey (visited)
    Orc: D:9-12

Altars:
Ashenzari
Dithmenos
Elyvilon
Hepliaklqana
Makhleb
Nemelex Xobeh
Trog
Uskayaw
The Shining One
Jiyva
Lugonu

Shops:
D:3 (

Portals:
Abyss: Lair:5

Annotations:
D:7 3 runed translucent doors, Caestello's ghost, novice SpHu; Godmorgon's ghost, novice FoAK
Lair:3 Kirke


Innate Abilities, Weirdness & Mutations

You are a filthy swine.
You move quickly.
Your equipment is almost entirely melded.
You are incapable of wielding weapons or throwing items.
You cannot cast spells.
You are immune to sickness and miasma.
((Your stone body is resilient. (AC +10)))
You are immune to poison.
((Your large and strong wings let you fly.))
You resist negative energy. (rN+)
((You are resistant to electric shocks. (rElec)))
You are resistant to unholy torment.
You are immune to petrification.


Message History

You closely miss Kirke.
Kirke is heavily wounded.
Kirke hits you. The hog bites you.
You bite Kirke!
Kirke is heavily wounded.
The hog barely misses you. x2
You bite Kirke!
Kirke is severely wounded.
Kirke hits you! The hog bites you. The hog closely misses you.
The hog bites you.
You barely miss Kirke.
Kirke is severely wounded.
The hog bites you!
You barely miss Kirke.
Kirke is severely wounded.
The hog closely misses you. Kirke hits you! The hog bites you!
* * * LOW HITPOINT WARNING * * *
The lindwurm barely misses you. The lindwurm claws you!
* * * LOW HITPOINT WARNING * * *
The lindwurm claws you.
* * * LOW HITPOINT WARNING * * *
You completely miss Kirke.
Kirke is severely wounded.
The hog bites you!
* * * LOW HITPOINT WARNING * * *
You block the hog's attack.
You bite Kirke!
Kirke is severely wounded.
The hog completely misses you. Kirke hits you.
* * * LOW HITPOINT WARNING * * *
The lindwurm barely misses you. x3
Unknown command.
You bite Kirke!
Kirke is almost dead.
You block the hog's attack. The hog closely misses you.
The hog completely misses you.
You barely miss Kirke.
Kirke is almost dead.
The hog bites you!
You die...

####.####.## ######..#
#.....##...## ###P.......
......#.....#### ##..........
...............# #...........
.............# ####..........
.............#### ##............#
.............##.###...####......#
.......#####...hh##....##......##
......## ##...@h.#...>.#......#
.....## #....kh.........^.....#
....## ###..................##
...## #P..................# ..##
###.................. ###
###......#.#..#.#.#
#.....(.#....#.#.
#................
#................


You could see Kirke, a lindwurm (summoned) and 3 hogs.

Vanquished Creatures
  Gastronok (Lair:3)
  A shadow dragon (shapeshifter) (Lair:5)
  6 hydras
  Erica (D:8)
  A two-headed ogre (D:10)
  7 death yaks
  3 thrashing horrors (Lair:5)
  A lindwurm (Lair:3)
  Pikel (D:7)
  2 wolf spider zombies (D:9)
  2 ugly things (Lair:5)
  3 cyclopes (D:11)
  A centaur zombie (D:9)
  Joseph (D:8)
  2 torpor snails
  2 smoke demons (Lair:5)
  5 black mambas
  5 elephants (Lair:4)
  6 cane toads
  A centaur skeleton (D:9)
  Maggie (D:8)
  4 rime drakes
  5 komodo dragons
  An unseen horror (D:10)
  2 ancient zymes (Lair:5)
  A hellwing (D:9)
  3 polar bears
  A troll (D:6)
  A hornet (D:10)
  14 dream sheep
  31 blink frogs
  Grinder (D:6)
  Sigmund (D:3)
  3 wraiths
  4 ynoxinuls (Lair:5)
  2 spriggans (Lair:5)
  A shadow (D:10)
  3 wyverns
  19 yaks
  A hog (Lair:3)
  A steam dragon (D:9)
  4 basilisks
  2 humans (Bailey)
  A chaos spawn (Lair:5)
  Menkaure (D:4)
  The ghost of DemonSlayer the Firebug, an amateur DsFE (D:3)
  A swamp worm (shapeshifter) (Lair:5)
  14 water moccasins
  2 acid dragons (D:9)
  5 orc warriors
  An ice beast (D:7)
  3 sky beasts
  A black bear (Lair:4)
  20 wolves
  5 ogres
  2 centaurs
  2 necrophages
  10 kobold brigands
  8 bullfrogs
  5 scorpions
  12 small abominations (Lair:5)
  14 wights (D:9)
  16 killer bees
  2 howler monkeys
  A jelly (D:6)
  3 orc priests
  Crazy Yiuf (D:4)
  6 hounds
  Jessica (D:3)
  3 hell rats (Lair:4)
  5 iguanas
  5 orc wizards
  A boggart zombie (D:9)
  The ghost of lotum the Magician, a weakling OpHW (D:3)
  4 gnolls (D:4)
  6 adders
  2 river rats (Sewer)
  5 shadow imps
  3 white imps
  An ufetubus (D:4)
  5 worms
  4 dart slugs
  27 orcs
  2 bats
  6 endoplasms
  6 giant cockroaches
  7 goblins
  8 hobgoblins
  2 jackals (D:4)
  5 quokkas
  6 ball pythons
  6 frilled lizards
  26 kobolds
  10 rats
452 creatures vanquished.

Vanquished Creatures (others)
  63 fungi
  80 plants
  15 withered plants
158 creatures vanquished.

Grand Total: 610 creatures vanquished

Notes
Turn   | Place    | Note
-------+----------+-------------------------------------------
     0 | D:1      | KittyFluff the Gargoyle Berserker began the quest for the
                  | Orb.
     0 | D:1      | Reached XP level 1. HP: 14/14 MP: 1/1
  1465 | D:1      | Reached XP level 2. HP: 16/19 MP: 2/2
  2367 | D:2      | Reached XP level 3. HP: 21/23 MP: 3/3
  2423 | D:2      | Found a faded altar of an unknown god.
  3018 | D:2      | Identified the +12 dagger of Nusmal {freeze, Will+}
  3173 | D:3      | Noticed Sigmund
  3249 | D:3      | Killed Sigmund
  3250 | D:3      | Reached skill level 1 in Stealth
  3250 | D:3      | Reached XP level 4. HP: 29/29 MP: 4/4
  3250 | D:3      | Reached XP level 5. HP: 33/33 MP: 5/5
  3470 | D:3      | Reached ** piety under Trog
  3491 | D:3      | Noticed Jessica
  3502 | D:3      | Killed Jessica
  3503 | D:3      | Reached XP level 6. HP: 32/38 MP: 6/6
  3598 | D:3      | Found a runed translucent gate.
  3711 | D:3      | Found a runed translucent gate.
  3711 | D:3      | Found a runed translucent gate.
  3712 | D:3      | Noticed DemonSlayer's ghost (amateur DsFE)
  3712 | D:3      | Noticed lotum's ghost (weakling OpHW)
  3795 | D:3      | Killed DemonSlayer's ghost
  3796 | D:3      | Reached skill level 5 in Maces & Flails
  3798 | D:3      | Killed lotum's ghost
  4037 | D:3      | Found Kepafaq's Weapon Emporium.
  4135 | D:3      | Found a shadowy altar of Dithmenos.
  4258 | D:3      | Bought a +0 quarterstaff for 48 gold pieces
  4458 | D:4      | Found a glowing drain.
  4464 | Sewer    | Entered a sewer
  4507 | Sewer    | Reached XP level 7. HP: 22/44 MP: 7/7
  5010 | Sewer    | Reached skill level 1 in Staves
  5340 | Sewer    | Reached skill level 2 in Staves
  5835 | Sewer    | Reached skill level 3 in Staves
  5835 | Sewer    | Reached skill level 1 in Shields
  5835 | Sewer    | Reached XP level 8. HP: 33/48 MP: 8/8
  6019 | D:4      | Found a glowing golden altar of the Shining One.
  6110 | D:4      | Reached *** piety under Trog
  6117 | D:4      | Found a burning altar of Makhleb.
  6123 | D:4      | Reached skill level 4 in Staves
  6216 | D:4      | Found a broken altar of Ashenzari.
  6297 | D:4      | Noticed Menkaure
  6309 | D:4      | Killed Menkaure
  6310 | D:4      | Reached skill level 5 in Armour
  6450 | D:4      | Reached skill level 5 in Staves
  6591 | D:4      | Found a runed translucent door.
  6592 | D:4      | Noticed Crazy Yiuf
  6604 | D:4      | Killed Crazy Yiuf
  6827 | D:4      | Found a sparkling altar of Nemelex Xobeh.
  6827 | D:4      | Found a white marble altar of Elyvilon.
  6828 | D:4      | Found a bloodstained altar of Trog.
  6910 | D:5      | Entered Level 5 of the Dungeon
  6951 | D:5      | Found a staircase to the Ecumenical Temple.
  7266 | D:5      | Reached skill level 5 in Fighting
  7266 | D:5      | Reached skill level 6 in Staves
  7523 | D:5      | Reached XP level 9. HP: 34/54 MP: 9/9
  7727 | D:6      | Reached skill level 7 in Staves
  7852 | D:6      | Noticed Grinder
  7861 | D:6      | Paralysed by Grinder for 3 turns
  7867 | D:6      | Killed Grinder
  7983 | D:6      | Reached skill level 1 in Throwing
  8022 | D:6      | Noticed a troll
  8035 | D:6      | Reached skill level 8 in Staves
  8039 | D:6      | Killed a troll
  8613 | D:7      | Found a flagged portal.
  8684 | Bailey   | Entered a bailey
  8812 | D:7      | Reached XP level 10. HP: 60/60 MP: 10/10
  8877 | D:7      | Reached skill level 9 in Staves
  8924 | D:7      | Noticed Pikel
  8937 | D:7      | Killed Pikel
  9373 | D:7      | Found a runed translucent gate.
  9373 | D:7      | Found a runed translucent gate.
  9373 | D:7      | Found a runed translucent gate.
  9381 | D:7      | Noticed Godmorgon's ghost (novice FoAK)
  9381 | D:7      | Noticed Caestello's ghost (novice SpHu)
  9393 | D:7      | Found a hide-covered altar of Uskayaw.
  9408 | D:7      | Reached **** piety under Trog
 10151 | D:8      | Noticed Joseph
 10178 | D:8      | Killed Joseph
 10179 | D:8      | Reached skill level 10 in Staves
 10262 | D:8      | Noticed Erica
 10267 | D:8      | Paralysed by Erica for 5 turns
 10282 | D:8      | Killed Erica
 10850 | D:8      | Noticed Maggie
 10859 | D:8      | Killed Maggie
 11917 | D:9      | Reached skill level 11 in Staves
 11939 | D:9      | Reached XP level 11. HP: 58/66 MP: 11/11
 12626 | D:9      | Reached skill level 12 in Staves
 12850 | D:10     | Entered Level 10 of the Dungeon
 13520 | D:10     | Noticed a two-headed ogre
 13546 | D:10     | Killed a two-headed ogre
 14157 | D:10     | Found a hazy altar of Hepliaklqana.
 14242 | D:10     | Reached ***** piety under Trog
 14682 | D:11     | Noticed a cyclops
 14682 | D:11     | Noticed a cyclops
 14910 | D:11     | Noticed a five-headed hydra
 15117 | D:11     | Reached skill level 5 in Throwing
 15293 | D:11     | Noticed a cyclops
 15304 | D:11     | Killed a cyclops
 15406 | D:11     | Reached skill level 13 in Staves
 15406 | D:11     | Reached XP level 12. HP: 72/72 MP: 12/12
 15764 | D:11     | Killed a five-headed hydra
 15839 | D:11     | Found a staircase to the Lair.
 15872 | D:11     | Reached skill level 5 in Dodging
 16104 | Lair:1   | Entered Level 1 of the Lair of Beasts
 16990 | Lair:1   | Found a sparkling altar of Nemelex Xobeh.
 17346 | Lair:2   | Noticed a five-headed hydra
 17654 | Lair:2   | Killed a five-headed hydra
 18038 | Lair:2   | Noticed an eight-headed hydra
 18046 | Lair:2   | Killed an eight-headed hydra
 18195 | Lair:2   | Noticed a death yak
 18195 | Lair:2   | Noticed a death yak
 18196 | Lair:2   | Noticed a death yak
 18245 | Lair:2   | Killed a death yak
 18246 | Lair:2   | Reached skill level 14 in Staves
 18256 | Lair:2   | Killed a death yak
 18257 | Lair:2   | Reached skill level 5 in Stealth
 18264 | Lair:2   | Killed a death yak
 18746 | Lair:2   | Reached XP level 13. HP: 69/79 MP: 13/13
 19760 | Lair:2   | Found a staircase to the Snake Pit.
 20084 | Lair:2   | Found a staircase to the Shoals.
 20110 | Lair:2   | Reached skill level 5 in Shields
 20718 | Lair:3   | You fall into a shaft and drop 2 floors!
 20718 | Lair:5   | Entered Level 5 of the Lair of Beasts
 20718 | Lair:5   | Found a corrupted altar of Lugonu.
 20718 | Lair:5   | Found a one-way gate to the infinite horrors of the Abyss.
 21032 | Lair:4   | Reached skill level 1 in Evocations
 21248 | Lair:3   | Noticed Gastronok
 21275 | Lair:3   | Killed Gastronok
 21275 | Lair:3   | Received a gift from Trog
 22952 | Lair:3   | Gained mutation: Your large and strong wings let you fly.
                  | [Gargoyle growth]
 22952 | Lair:3   | Reached XP level 14. HP: 86/86 MP: 14/14
 23047 | Lair:4   | Reached skill level 15 in Staves
 24428 | Lair:5   | Found a viscous altar of Jiyva.
 24430 | Lair:5   | Found a staircase to the Slime Pits.
 25165 | Lair:5   | Reached skill level 10 in Fighting
 26244 | Lair:5   | Received a gift from Trog
 26812 | Lair:5   | Noticed a fenstrider witch
 26977 | Lair:5   | Noticed a shadow dragon
 27008 | Lair:5   | Killed a shadow dragon
 27405 | Lair:3   | Noticed Kirke
 27427 | Lair:3   | Slain by a hog

Illustrated notes

Levels and vault maps discovered:
D:1:      dpeg_arrival_solitude, layout_basic, minmay_octomino_e4
D:2:      layout_loops_corners, hellmonk_ecumenical_altar_pennies_from_heaven
D:3:      layout_basic, lemuel_coloured_pillars_altar, gammafunk_ghost_cemetery,
          serial_shops, shop, uniq_sigmund, uniq_jessica
D:4:      layout_layer_cave, chequers_temple_overflow_statue_of_worship,
          lemuel_round_altar, mainiacjoe_overflow_swirl,
          mainiacjoe_overflow_boulevard, portal_sewer_entry_e, minivault_23,
          minivault_25, uniq_menkaure, uniq_crazy_yiuf_cottage
D:5:      layout_cave_pools, temple_pool_b
D:6:      layout_rooms, minmay_manual_monolith, uniq_grinder
D:7:      layout_gridville, nicolae_uskayaw_dance_studio, enter_bailey_4,
          gammafunk_ghost_cemetery, uniq_pikel
D:8:      layout_basic, uniq_maggie, uniq_joseph, uniq_erica
D:9:      cheibrodos_grave_circle, layout_basic, corexii_checkpoint_a
D:10:     nicolae_cairo_tiling_very_big, layout_layer_cave, kennysheep_mini_moat
D:11:     layout_basic, grunt_lair_entry_orc_guard_hut
Lair:1:   layout_cave_pods, basic_altar, grunt_forest_small_clearings,
          grunt_megastairs_2
Lair:2:   layout_roguey, elwin_shoals_entry_rocks,
          minmay_snake_entry_six_corridors
Lair:3:   layout_gridlike, lemuel_another_geyser, serial_bayou_shore_b,
          grunt_megastairs_3, uniq_gastronok, uniq_kirke
Lair:4:   layout_regular_city, grunt_megastairs_1
Lair:5:   hellmonk_lair_end_abyssal_woods, layout_gridlike,
          dpeg_slime_entry_corner

Skill      XL: |  1  2  3  4  5  6  7  8  9 10 11 12 13 14 |
---------------+-------------------------------------------+-----
Dodging        | 2 3 4 5 7 |  7.5
Fighting       | 4 5 6 7 8 9 10 | 10.4
Maces & Flails | 4 5 |  5.5
Armour         | 3 4 5 6 7 8 |  8.7
Stealth        | 1 2 3 4 5 |  5.5
Staves         | 3 6 8 11 13 14 15 | 15.4
Shields        | 1 2 3 4 5 |  5.8
Throwing       | 1 3 5 7 8 9 |  9.3
Evocations     | 2 4 |  4.1

Action                   |  1- 3 |  4- 6 |  7- 9 | 10-12 | 13-15 || total
-------------------------+-------+-------+-------+-------+-------++-------
Melee: Mace              |   121 |    60 |       |       |       ||   181
       Punch             |     2 |       |       |       |       ||     2
       Quarterstaff      |       |    37 |   494 |   692 |   586 ||  1809
       Lajatang          |       |       |       |       |   110 ||   110
       Unarmed           |       |       |       |       |    14 ||    14
Throw: Boomerang         |       |       |    18 |   262 |    26 ||   306
       Dart              |       |       |       |       |    82 ||    82
Invok: Berserk           |     2 |     2 |     5 |    10 |     9 ||    28
  Use: Scroll            |     3 |     1 |     7 |     5 |     2 ||    18
       Potion            |       |       |     1 |     2 |     2 ||     5
 Stab: Sleeping          |       |     1 |     3 |     1 |       ||     5
       Paralysed         |       |       |       |     6 |       ||     6
       Distracted        |       |       |       |     2 |     1 ||     3
       Confused          |       |       |       |     2 |     1 ||     3
Armor: Animal skin       |    40 |       |       |       |       ||    40
       Robe              |       |    23 |    77 |       |       ||   100
       Leather armour    |       |       |    13 |       |       ||    13
       Troll leather arm |       |       |    12 |    33 |    49 ||    94
       Steam dragon scal |       |       |       |   136 |   168 ||   304
Dodge: Dodged            |    71 |    46 |   200 |   286 |   350 ||   953
Block: Other             |       |     6 |    69 |   103 |   127 ||   305
       Reflection        |       |       |       |     4 |     4 ||     8
